 Dungeon Crawl Stone Soup version 0.30.1-9-gdf580d7c3d (webtiles) character file.

Game seed: 457385141426411779

43 Chiseanne the Chopper (level 3, -7/27 HPs)
             Began as a Demonspawn Wanderer on Oct 3, 2023.
             Mangled by a gnoll
             ... wielding a +0 halberd
              (9 damage)
             ... on level 2 of the Dungeon.
             The game lasted 00:02:38 (1671 turns).

Chiseanne the Chopper (Demonspawn Wanderer)         Turns: 1671, Time: 00:02:39

Health: -7/27      AC:  7    Str: 13    XL:     3   Next: 37%
Magic:  3/3        EV:  9    Int: 12    God:
Gold:   44         SH:  4    Dex: 14    Spells: 2/2 levels left

rFire   . . .        a - +2 falchion
rCold   . . .        c - +0 buckler
rNeg    . . .        i - +1 scale mail
rPois   .            (no helmet)
rElec   .            (no cloak)
rCorr   .            (no gloves)
SInv    .            (no boots)
Will    +....        (no amulet) Stlth
                     e - ring of willpower
HPRegen 0.24/turn    (no ring)
MPRegen 0.08/turn

%: no passive effects
@: no status effects
A: demonic magic 1, demonic touch 1
a: no special abilities


You were on level 2 of the Dungeon.
You visited 1 branch of the dungeon, and saw 2 of its levels.

You collected 44 gold pieces.

Inventory:

Hand Weapons
 a - a +2 falchion (weapon)
 k - a +0 rapier
Missiles
 h - 4 poisoned darts (quivered)
 j - 5 stones
Armour
 c - a +0 buckler (worn)
 i - a +1 scale mail (worn)
Jewellery
 e - a ring of willpower (left hand)
Scrolls
 b - a scroll of identify
 d - a scroll of fog
 f - a scroll of enchant weapon
 m - a scroll of fear {unknown}
Potions
 n - a potion of heal wounds {unknown}


   Skills:
 * Level 2.0 Fighting
 - Level 1.7 Long Blades
 - Level 2.6 Axes
 * Level 1.0 Armour
 * Level 1.9 Dodging
 * Level 2.4 Shields


You had 2 spell levels left.
You didn't know any spells.
Your spell library contained the following spells:

 Spells                   Type           Power      Damage    Failure   Level
 Sandblast                Erth           0%         2d4       91%         1
 Ensorcelled Hibernation  Hex/Ice        0%         N/A       97%         2
 Passwall                 Tmut/Erth      0%         N/A       97%         2
 Sublimation of Blood     Necr           0%         N/A       97%         2
 Wereblood                Tmut           0%         N/A       97%         2
 Stone Arrow              Conj/Erth      0%         3d7       100%        3
 Summon Guardian Golem    Hex/Summ       0%         N/A       100%        3
 Swiftness                Air            0%         N/A       100%        3
 Orb of Destruction       Conj           0%         9d5       100%        7
 Spellforged Servitor     Conj/Summ      0%         N/A       100%        7
 Summon Hydra             Summ           0%         N/A       100%        7


Dungeon Overview and Level Annotations

Branches:
Dungeon (2/15)

Altars:


Innate Abilities, Weirdness & Mutations

Spells you cast may paralyse adjacent enemies.
Your touch may inflict minor irresistible damage on your foes.


Message History

You see here a hobgoblin corpse.
A kobold comes into view. It is wielding a +0 dagger.
The kobold shouts!
A gnoll comes into view. It is wielding a +0 halberd.
The gnoll shouts!
The kobold barely misses you.
You hit the kobold but do no damage. The kobold hits you but does no damage.
You hit the kobold.
You kill the kobold!
The gnoll barely misses you.
You hit the gnoll but do no damage. The gnoll barely misses you.
You barely miss the gnoll.
A gnoll comes into view. It is wielding a +0 flail.
The gnoll hits you with a +0 halberd. x2
The gnoll shouts!
You hit the gnoll.
The gnoll is heavily wounded.
The gnoll hits you with a +0 halberd!
You completely miss the gnoll.
The gnoll is heavily wounded.
The gnoll hits you with a +0 halberd!
Ouch! That really hurt!
* * * LOW HITPOINT WARNING * * *
You are too injured to fight recklessly!
You are too injured to fight recklessly!
You are too injured to fight recklessly!
You are too injured to fight recklessly!
You are too injured to fight recklessly!
You are too injured to fight recklessly!
You are too injured to fight recklessly!
You are too injured to fight recklessly!
You are too injured to fight recklessly!
You are too injured to fight recklessly!
You are too injured to fight recklessly!
You are too injured to fight recklessly!
You are too injured to fight recklessly!
You are too injured to fight recklessly!
It was a potion of cancellation.
You feel magically purged. The gnoll hits you with a +0 halberd!
You die...

#.#. #. ######+## #
#.......# #.......#
#.......# #.....).#
#.......# #..g@...#
#..g....# .#.......#
..........#
...........#########
....................
............########
............#
#.........####


You could see 2 gnolls.

Vanquished Creatures
  A gnoll (D:2)
  3 dart slugs
  4 ball pythons
  5 bats
  4 goblins
  3 hobgoblins
  4 kobolds
  A quokka (D:1)
  A frilled lizard (D:1)
  A rat (D:1)
27 creatures vanquished.

Notes
Turn   | Place    | Note
-------+----------+-------------------------------------------
     0 | D:1      | Chiseanne the Demonspawn Wanderer began the quest for the
                  | Orb.
     0 | D:1      | Chiseanne set off with the following items: a +2 falchion,
                  | a +0 hand axe, a +0 buckler, a scroll of fog, a +0 leather
                  | armour.
     0 | D:1      | Reached XP level 1. HP: 15/15 MP: 1/1
     3 | D:1      | Noticed an ogre
     3 | D:1      | Noticed a minotaur
     5 | D:1      | Noticed a felid
     7 | D:1      | Noticed a demigod
     7 | D:1      | Noticed an armataur
     9 | D:1      | Noticed a gargoyle
     9 | D:1      | Noticed a merfolk
    11 | D:1      | Noticed a tengu
    11 | D:1      | Noticed a vine stalker
    13 | D:1      | Noticed a spriggan
    13 | D:1      | Noticed a ghoul
    15 | D:1      | Noticed an elf
    15 | D:1      | Noticed a troll
    17 | D:1      | Noticed a naga
    17 | D:1      | Noticed a demonspawn
    19 | D:1      | Noticed a human
    19 | D:1      | Noticed a meteoran
    21 | D:1      | Noticed a draconian
    23 | D:1      | Noticed an octopode
    23 | D:1      | Noticed a vampire
    25 | D:1      | Noticed a formicid
    25 | D:1      | Noticed a spriggan
    27 | D:1      | Noticed a human
    27 | D:1      | Noticed a demigod
   402 | D:1      | Gained mutation: Spells you cast may paralyse adjacent
                  | enemies. [demonic ancestry]
   402 | D:1      | Reached XP level 2. HP: 10/21 MP: 2/2
  1169 | D:2      | Gained mutation: Your touch may inflict minor irresistible
                  | damage on your foes. [demonic ancestry]
  1169 | D:2      | Reached XP level 3. HP: 20/27 MP: 3/3
  1428 | D:2      | Found a faded altar of an unknown god.
  1670 | D:2      | HP: 1/27 [gnoll/+0 halberd (14)]
  1671 | D:2      | Mangled by a gnoll

Illustrated notes

Levels and vault maps discovered:
D:1:      kb_arrival_jail, layout_basic, serial_co_window_serial,
          co_window_corner_a, co_window_paths_a, co_window_corner_a,
          co_window_paths_a, co_window_paths_b, co_window_broadway_b,
          co_window_cross_3, co_window_2corner, co_window_broadway_c,
          co_window_unsneaky_path_a, co_window_paths_c, co_window_paths_d,
          glass_columns_a, glass_columns_a, glass_columns_b, glass_columns_b,
          glass_columns_b
D:2:      layout_basic, basic_altar, chequers_ecumenical_altar_simple_redux

Skill      XL: |  1  2  3 |
---------------+----------+-----
Shields        | 2 |  2.4
Fighting       | 2 |  2.0
Long Blades    | |  1.7
Axes           | |  2.6
Armour         | |  1.0
Dodging        | |  1.9

Action                     || total
---------------------------++-------
  Melee: Falchion          ||    80
  Throw: Dart              ||     4
    Use: Scroll            ||     3
         Potion            ||     1
 Armour: Leather armour    ||    21
         Scale mail        ||     3
  Dodge: Dodged            ||    47
  Block: Buckler           ||    13
